 Dungeon Crawl Stone Soup version 0.22-a0-348-gd16d1391c7 (webtiles) character file.

25 Laan the Magician (level 3, 0/28 HPs)
             Began as a Naga Wizard on Apr 9, 2018.
             Slain by a frilled lizard (1 damage)
             ... on level 1 of the Dungeon.
             The game lasted 00:01:59 (945 turns).

Laan the Magician (Naga Wizard)                      Turns: 945, Time: 00:02:00

Health: 0/28       AC:  3    Str:  9    XL:     3   Next: 4%
Magic:  1/7        EV: 10    Int: 19    God:
Gold:   31         SH:  0    Dex:  9    Spells: 7/8 levels left

rFire    . . .     SeeInvis +   (no weapon)
rCold    . . .     Gourm    .   (no shield)
rNeg     . . .     Faith    .   a - +0 robe
rPois    +         Spirit   .   e - +0 helmet
rElec    .         Reflect  .   (no cloak)
rCorr    .         Harm     .   (no gloves)
MR       .....                  (no barding)
Stlth    ++........             (no amulet)
HPRegen  0.09/turn              (no ring)
MPRegen  0.10/turn              (no ring)

@: short of breath, very slow
A: large, see invisible, deformed body, poison resistance, slowness 2, slow
metabolism 1, spit poison 1, AC +1
a: Spit Poison


You were on level 1 of the Dungeon.
You were not hungry.

You visited 1 branch of the dungeon, and saw 1 of its levels.

You collected 31 gold pieces.

Inventory:

Armour
 a - a +0 robe (worn)
 e - a +0 helmet (worn)
Comestibles
 d - 2 rations


   Skills:
 - Level 1.5 Dodging
 - Level 3.0 Stealth
 + Level 3.3 Spellcasting
 * Level 2.4 Conjurations
   Level 1.0 Summonings
   Level 1.0 Translocations


You had 7 spell levels left.
You knew the following spells:

 Your Spells              Type           Power        Failure   Level  Hunger
a - Magic Dart            Conj           ##..         5%          1    None


Dungeon Overview and Level Annotations

Branches:
Dungeon (1/15)

Altars:


Innate Abilities, Weirdness & Mutations

You cannot wear boots.
Your serpentine skin is tough. (AC +1)
You have supernaturally acute eyesight. (SInv)
Armour fits poorly on your strangely shaped body.
Your system is resistant to poisons. (rPois)
You cover ground very slowly.
You have a slow metabolism.
You can spit poison.


Message History

You kill the jackal!
You have reached level 3!
Your experience leads to an increase in your attributes!
Increase (S)trength, (I)ntelligence, or (D)exterity?
You feel clever.
Your skin feels tougher.
You feel slightly more hungry. The frilled lizard bites you.
* * * LOW HITPOINT WARNING * * *
You closely miss the frilled lizard. The frilled lizard closely misses you.
You miss the frilled lizard.
You have got your breath back.
The frilled lizard barely misses you.
Press: ? - help, Shift-Dir - straight line, f - frilled lizard
Aim: a frilled lizard The splash of poison misses the frilled lizard.
The splash of poison hits the kobold.
The kobold is poisoned.
You kill the kobold!
You feel slightly more hungry. The frilled lizard closely misses you.
The frilled lizard bites you.
You die...

..⌠........#.........[#...#####
.⌠>⌠.......#.............##
..⌠........#.............#
...........#....>.....#..#
..........###.........#..#
.........###..#.......#..#
......#########...###.#..#
##.####...####.....##.# .#
##'##.......##..@...#.#..#
.#.#.........##.l...#....#
.'.'.........###....# ...#
.#.#......[..# #.#### ...#
##'##.......## #)..###...#
#...###...### ###...#...#
.....###### ###.#)..# ..<..#
#.(...# #...## ##†...#


You could see a frilled lizard.

Vanquished Creatures
  2 giant cockroaches (D:1)
  2 goblins (D:1)
  5 hobgoblins (D:1)
  5 jackals (D:1)
  4 kobolds (D:1)
  A bat (D:1)
19 creatures vanquished.

Notes
Turn   | Place    | Note
-------+----------+-------------------------------------------
     0 | D:1      | Laan the Naga Wizard began the quest for the Orb.
     0 | D:1      | Reached XP level 1. HP: 15/15 MP: 4/4
   194 | D:1      | Reached XP level 2. HP: 6/22 MP: 0/6
   939 | D:1      | Reached XP level 3. HP: 2/28 MP: 0/7
   940 | D:1      | HP: 1/28 [frilled lizard (2)]
   945 | D:1      | Slain by a frilled lizard

Vault maps used:
D:1:      dpeg_arrival_three_bigger_balls

Skill      XL: |  1  2 |
---------------+-------+-----
Conjurations   | 2 |  2.4
Dodging        | |  1.5
Stealth        | |  3.0
Spellcasting   | |  3.3
Summonings     | |  1.0
Translocations | |  1.0

Action                   || total
-------------------------++-------
Melee: Unarmed           ||    20
 Cast: Magic Dart        ||    43
 Abil: Spit Poison       ||     7
  Use: Scroll            ||     1
Armor: Robe              ||     6
Dodge: Dodged            ||    28

Table legend:
 A = Spawn XP
 B = Non-spawn XP
 C = Spawn XP percentage of total XP
 D = Spawn monster count
 E = Non-spawn monster count
 F = Spawn count percentage of total count
 G = Total turns spent on level
                    A         B        C        D         E        F      G
               +---------+---------+-------+---------+---------+-------+---------
         Total |       0 |      36 |   0.0 |       0 |      19 |   0.0 |   945
               +---------+---------+-------+---------+---------+-------+---------
           D:1 |       0 |      36 |   0.0 |       0 |      19 |   0.0 |   945
               +---------+---------+-------+---------+---------+-------+---------
